 Dungeon Crawl Stone Soup version 0.29-a0-284-gf9362112df (webtiles) character file.

Game seed: 15239591308130429367

54 Dabor the Cudgeller (level 3, -6/22 HPs)
             Began as a Gargoyle Gladiator on Mar 14, 2022.
             Mangled by a gnoll
             ... wielding a +0 halberd
              (9 damage)
             ... on level 2 of the Dungeon.
             The game lasted 00:02:18 (2038 turns).

Dabor the Cudgeller (Gargoyle Gladiator)            Turns: 2038, Time: 00:02:19

Health: -6/22      AC:  7    Str: 16 (19) XL:     3   Next: 91%
Magic:  3/3        EV: 11    Int: 11 (14) God:
Gold:   106        SH:  0    Dex:  8 (11) Spells: 2/2 levels left

rFire   . . .      SeeInvis .   a - +0 flail
rCold   . . .      Faith    .   (no shield)
rNeg    + . .      Spirit   .   b - +0 leather armour
rPois   ∞          Reflect  .   c - +0 helmet
rElec   +          Harm     .   (no cloak)
rCorr   .          Rampage  .   (no gloves)
Will    .....                   (no boots)
Stlth   ..........              (no amulet)
HPRegen 0.07/turn               k - +6 ring of intelligence
MPRegen 0.08/turn               (no ring)

@: silenced
A: sickness immunity, AC +3, negative energy resistance 1, electricity
resistance, torment resistance 1, petrification resistance
a: no special abilities


You were on level 2 of the Dungeon.
You visited 1 branch of the dungeon, and saw 2 of its levels.

You collected 106 gold pieces.

Inventory:

Hand Weapons
 a - a +0 flail (weapon)
Missiles
 d - 3 throwing nets (quivered)
 e - a javelin
Armour
 b - a +0 leather armour (worn)
 c - a +0 helmet (worn)
Jewellery
 k - a +6 ring of intelligence (left hand)
Scrolls
 f - a scroll of enchant weapon {unknown}
 g - 2 scrolls of identify {unknown}
 h - 2 scrolls of teleportation {unknown}
Potions
 l - a potion of might {unknown}


   Skills:
 + Level 2.8 Fighting
 + Level 3.4 Maces & Flails
 + Level 2.3 Throwing
 + Level 1.1 Armour
 + Level 2.7 Dodging


You had 2 spell levels left.
You didn't know any spells.
Your spell library was empty.

Dungeon Overview and Level Annotations

Branches:
Dungeon (2/15)

Altars:
Cheibriados

Shops:
D:2 ?:=?


Innate Abilities, Weirdness & Mutations

You are immune to sickness and miasma.
Your stone body is resilient. (AC +3)
You are immune to poison.
You resist negative energy. (rN+)
You are resistant to electric shocks. (rElec)
You are resistant to unholy torment.
You are immune to petrification.


Message History

You thump the bat!
You kill the bat!
Key pressed, stopping explore.
No target in view!
Key pressed, stopping explore.
No target in view!
Key pressed, stopping explore.
No target in view!
Key pressed, stopping explore.
No target in view!
h - 2 scrolls labelled ENUWNEIDIMP (gained 1)
Found a club.
You now have 91 gold pieces (gained 10).
Found Qemoupp's Magic Scroll Shoppe.
There is an entrance to Qemoupp's Magic Scroll Shoppe here.
You now have 106 gold pieces (gained 15).
Found a scale mail.
Found 2 poisoned darts.
There is a shaft here. 2 gnolls come into view.
The gnoll shouts! x2
The gnoll moves out of view.
The gnoll completely misses you.
You barely miss the gnoll. The gnoll hits you but does no damage.
You completely miss the gnoll.
A gnoll comes into view. It is wielding a +0 halberd.
The gnoll hits you with a +0 halberd!
The gnoll shouts!
You barely miss the gnoll. The gnoll barely misses you.
The gnoll closely misses you. The gnoll barely misses you.
The gnoll hits you but does no damage. The gnoll attacks as you move away!
The gnoll hits you with a +0 halberd!
* * * LOW HITPOINT WARNING * * *
As you read the scroll labelled DEWEZUSM ODUAS, it crumbles to dust.
A profound silence engulfs you.
It was a scroll of silence.
It was a potion of degeneration.
There was something very wrong with that liquid.
You feel weakened.
You feel dopey.
You feel clumsy.
The gnoll hits you from afar with a +0 halberd!
You die...

###.∩.## #.##.#.#.#
..................#
#############.#.#.##
#############......
............. ..#.##
#####.####### #..g.
#.# #g#g#
#####.#########.#.#
....(......^....@.#
#####...........###
#############


You could see 3 gnolls.

Vanquished Creatures
  An adder (D:2)
  A worm (D:2)
  3 dart slugs
  5 ball pythons
  3 endoplasms (D:1)
  A giant cockroach (D:1)
  2 hobgoblins (D:1)
  3 jackals (D:1)
  A kobold (D:1)
  3 quokkas
  5 bats
  5 frilled lizards
33 creatures vanquished.

Notes
Turn   | Place    | Note
-------+----------+-------------------------------------------
     0 | D:1      | Dabor the Gargoyle Gladiator began the quest for the Orb.
     0 | D:1      | Reached XP level 1. HP: 12/12 MP: 1/1
   136 | D:1      | Reached XP level 2. HP: 18/18 MP: 2/2
  1054 | D:1      | Reached XP level 3. HP: 22/22 MP: 3/3
  1500 | D:2      | Found a snail-covered altar of Cheibriados.
  1569 | D:2      | Reached skill level 1 in Armour
  1658 | D:2      | Found Vuonk's Book Shoppe.
  1689 | D:2      | Found Limnomuh's Magic Scroll Shoppe.
  1827 | D:2      | Found Muigral's Jewellery Boutique.
  1925 | D:2      | Found Qemoupp's Magic Scroll Shoppe.
  2038 | D:2      | Mangled by a gnoll

Illustrated notes

Levels and vault maps discovered:
D:1:      psy_arrival_radial02, layout_basic, dreamdust_princess_bridge
D:2:      layout_basic, serial_shops, nicolae_shop_hallway_plus, shop,
          nicolae_shop_stone, shop, nicolae_diamond_shop, basic_altar,
          amcnicky_mini_pool_small, uniq_natasha

Skill      XL: |  1  2  3 |
---------------+----------+-----
Throwing       | 2 |  2.3
Armour         | 1 |  1.1
Fighting       | |  2.8
Maces & Flails | |  3.4
Dodging        | |  2.7

Action                   || total
-------------------------++-------
Melee: Flail             ||   115
  Use: Scroll            ||     1
       Potion            ||     1
Armor: Leather armour    ||    42
Dodge: Dodged            ||    96

Table legend: (Time is in decaauts)
 A = Elapsed time spent in this place.
 B = Non-inter-level travel time spent in this place.
 C = Inter-level travel time spent in this place.
 D = Time resting spent in this place.
 E = Time spent auto-exploring this place.
 F = Levels seen in this place.
 G = Mean time per level.
                   A        B        C        D        E       F      G
               +--------+--------+--------+--------+--------+-----+--------+
         Total |   2065 |   2051 |     14 |      0 |   1767 |   2 | 1032.5 |
       Dungeon |   2065 |   2051 |     14 |      0 |   1767 |   2 | 1032.5 |
               +--------+--------+--------+--------+--------+-----+--------+

Top non-repeatable levels by time:
     D:1: 1420 daAuts
     D:2: 644 daAuts
